 Dungeon Crawl Stone Soup version 0.28.0-45-g0d030f2227 (webtiles) character file.

Game seed: 5600686713373333464

25 Descartes the Grasshopper (level 3, 0/27 HPs)
             Began as a Formicid Warper on Apr 14, 2022.
             Killed by divine providence
             ... invoked by an orc priest
              (14 damage)
             ... on level 2 of the Dungeon.
             The game lasted 00:01:39 (1562 turns).

Descartes the Grasshopper (Formicid Warper)         Turns: 1562, Time: 00:01:42

Health: 0/27       AC:  4    Str: 17    XL:     3   Next: 20%
Magic:  6/6        EV: 11    Int: 12    God:
Gold:   25         SH:  0    Dex: 10    Spells: 6/6 levels left

rFire   . . .      SeeInvis +   a - +0 hand axe
rCold   . . .      Faith    .   (no shield)
rNeg    . . .      Spirit   .   b - +0 leather armour
rPois   .          Reflect  .   (helmet unavailable)
rElec   .          Harm     .   (no cloak)
rCorr   .          Rampage  .   (no gloves)
Will    .....                   e - +0 pair of boots
Stlth   +.........              (no amulet)
HPRegen 0.09/turn               (no ring)
MPRegen 0.10/turn               (no ring)

@: no status effects
A: permanent stasis, dig shafts and tunnels, antennae 3, four strong arms
a: Dig, Shaft Self


You were on level 2 of the Dungeon.
You visited 1 branch of the dungeon, and saw 2 of its levels.

You collected 25 gold pieces.

Inventory:

Hand Weapons
 a - a +0 hand axe (weapon)
Missiles
 c - 5 boomerangs of dispersal (quivered)
Armour
 b - a +0 leather armour (worn)
 e - a +0 pair of boots (worn)
Jewellery
 g - a ring of ice
Scrolls
 h - 2 scrolls of identify {unknown}
Potions
 d - 2 potions of flight {unknown}
 f - a potion of magic {unknown}
 i - a potion of haste {unknown}
 j - a potion of curing {unknown}


   Skills:
 - Level 2.1 Fighting
 + Level 2.5 Axes
 - Level 1.0 Throwing
 + Level 2.0 Armour
 - Level 1.7 Dodging
 - Level 2.1 Spellcasting
 + Level 3.1 Translocations


You had 6 spell levels left.
You didn't know any spells.
Your spell library contained the following spells:

 Spells                   Type           Power      Damage    Failure   Level
 Gell's Gravitas          Tloc           8%         N/A       26%         3
 Lesser Beckoning         Tloc           8%         N/A       26%         3
 Teleport Other           Tloc           8%         N/A       26%         3
 Manifold Assault         Tloc           8%         N/A       94%         5
 Blink                    Tloc           Unusable   N/A       N/A         2

Dungeon Overview and Level Annotations

Branches:
Dungeon (2/15)

Altars:


Innate Abilities, Weirdness & Mutations

You cannot be hasted, slowed, berserked, paralysed or teleported.
You can dig through walls and to a lower floor.
You have a pair of large antennae on your head. (SInv)
Your four strong arms can wield two-handed weapons with a shield.


Message History

The orc shouts!
A ball python comes into view.
The ball python hisses angrily.
You slash the ball python!
You kill the ball python!
An adder comes into view.
An orc wizard comes into view.
It is wielding a +2 dagger of electrocution.
The orc wizard shouts!
You hear a shout! x2
You barely miss the adder. The adder bites you but does no damage.
An orc comes into view. It is wielding a +0 whip.
The adder bites you.
You miss the adder. The adder closely misses you.
You miss the adder. The adder closely misses you.
An orc comes into view. It is wielding a +0 short sword.
The adder bites you.
You are poisoned.
The adder poisons you!
You hit the adder but do no damage.
You feel sick. The adder closely misses you.
The orc wizard casts a spell.
The orc wizard flickers and vanishes for a moment.
You hit the adder.
The adder is moderately wounded.
You feel sick. The adder bites you but does no damage. The adder bites you.
An orc priest comes into view. It is wielding a +0 hand axe.
You barely miss the adder.
The adder is moderately wounded.
You feel sick.
You are no longer poisoned.
The adder closely misses you.
You closely miss the adder.
The adder is moderately wounded.
The adder bites you. x2
You hit the adder.
The adder is heavily wounded.
The adder misses you.
The orc priest invokes the aid of Beogh against you.
Beogh smites you!
Ouch! That really hurt!
You die...

#..######
#......<#
#######.# #.#
#.# #
#.#####o##o..
#....@So.oo#
#######.####
#


You could see an orc priest, an orc wizard (invisible), an adder and 3 orcs.

Vanquished Creatures
  4 ball pythons
  3 bats (D:1)
  An endoplasm (D:1)
  3 giant cockroaches (D:1)
  A goblin (D:1)
  3 hobgoblins (D:1)
  4 quokkas (D:1)
  A kobold (D:1)
  2 rats (D:1)
22 creatures vanquished.

Notes
Turn   | Place    | Note
-------+----------+-------------------------------------------
     0 | D:1      | Descartes the Formicid Warper began the quest for the Orb.
     0 | D:1      | Reached XP level 1. HP: 16/16 MP: 3/3
   556 | D:1      | Reached XP level 2. HP: 16/22 MP: 5/5
   921 | D:1      | Reached skill level 3 in Translocations
  1301 | D:1      | Reached XP level 3. HP: 25/27 MP: 6/6
  1562 | D:2      | Killed from afar by an orc priest

Illustrated notes

Levels and vault maps discovered:
D:1:      wheals_arrival_shading, layout_basic, minmay_heptomino_d4
D:2:      layout_loops_corners, chequers_serial_rivers_micro_c

Skill      XL: |  1  2  3 |
---------------+----------+-----
Translocations | 3 |  3.1
Armour         | 2 |  2.0
Fighting       | |  2.1
Axes           | |  2.5
Throwing       | |  1.0
Dodging        | |  1.7
Spellcasting   | |  2.1

Action                   || total
-------------------------++-------
Melee: Hand axe          ||   100
       Punch             ||     2
Armor: Leather armour    ||    51
Dodge: Dodged            ||    72
